Match 46675896
Unlisted

Match 46675896
End
Construct Barracks
Engineer Squad
Riflemen Squad
1⁄4-ton 4x4 Truck
Riflemen Squad
Construct Medical Station
Grenade Package
Infantry Support Center
M1918 Browning Automatic Rifles
Construct Motor Pool
M1 Anti-tank Gun Team
Selects Advanced Infantry Battlegroup
Selects Advanced Infantry Battlegroup
Selects Advanced Infantry Battlegroup
Selects Convert to Ranger Squad
Selects Designate Assault Position
Advanced Logistics
Riflemen Squad
.30 cal Machine Gun
Convert to Ranger Squad
M24 Chaffee Light Tank
Selects Ranger Weapon Training
Selects Infantry Assault
Selects Artillery Observers
Infantry Assault
Construct Tank Depot
M4(105) Sherman Bulldozer
Convert to Ranger Squad
M1 Anti-tank Gun Team
M24 Chaffee Light Tank
Infantry Assault
M1 Anti-tank Gun Team
Engineer Squad
Selects M2A1 105mm Howitzer Emplacement
Selects 155mm Rapid Artillery Barrage
M1 Anti-tank Gun Team
Survival Training
M1 Anti-tank Gun Team
M24 Chaffee Light Tank
ssume
Cpt Darling
0
0

Comments sign in to comment!

No comments posted yet!